 Dungeon Crawl Stone Soup version 0.30-a0-937-ga0a21ad780 (webtiles) character file.

Game seed: 13140009761134684044

3087 IdlyInterested the Basher (level 9, -11/97 HPs)
             Began as a Demonspawn Gladiator on Mar 22, 2023.
             Mangled by an orc warrior
             ... wielding a +0 long sword
              (19 damage)
             ... on level 6 of the Dungeon on Mar 24, 2023.
             The game lasted 00:23:01 (6288 turns).

IdlyInterested the Basher (Demonspawn Gladiator)    Turns: 6288, Time: 00:23:01

Health: -11/97     AC: -4    Str: 23    XL:     9   Next: 59%
Magic:  9/9        EV:  4    Int:  8    God:
Gold:   1318       SH:  0    Dex: 14    Spells: 8/8 levels left

rFire   . . .      SeeInvis +    E - +2 morningstar (venom)
rCold   . . .      Faith    .    (no shield)
rNeg    . . .      Spirit   .    v - +0 crystal plate armour
rPois   .          Reflect  .    c - +0 helmet
rElec   .          Rampage  .    s - +0 cloak
rCorr   .                        (no gloves)
Will    .....                    (no boots) Stlth
                                 n - amulet of regeneration
HPRegen 2.16/turn                h - +4 ring of slaying
MPRegen 0.11/turn                p - ring of see invisible

@: berserking, corroded, sanguine armoured, very quick
A: ignite blood 1, powered by death 1, sanguine armour 2, demonic touch 2,
strong 1
a: no special abilities


You were on level 6 of the Dungeon.
You visited 2 branches of the dungeon, and saw 8 of its levels.
You also visited: Bailey.

You collected 1318 gold pieces.

Inventory:

Hand Weapons
 a - a +0 flail
 E - a +2 morningstar of venom (weapon)
Missiles
 d - 4 throwing nets
 e - a javelin
 f - 56 stones (quivered)
 m - 2 poisoned darts
 t - 4 boomerangs
Armour
 c - a +0 helmet (worn)
 s - a +0 cloak (worn)
 v - a +0 crystal plate armour (worn)
 L - a +1 tower shield of protection
Magical Staves
 M - the staff of cold "Vasilus" {+Blink rC+ rN+ Dex+2}
   (You found it in a bailey)

   [staff of cold]

   Base accuracy: +5 Base damage: 5 Base attack delay: 1.2 This weapon's minimum
   attack delay (0.6) is reached at skill level 12.
   Dex:       It affects your dexterity (+2).
   rC:        It protects you from cold.
   rN:        It protects you from negative energy.
   +Blink:    It lets you blink.
   It falls into the 'Staves' category.
   It is a one-handed weapon.
Jewellery
 h - a +4 ring of slaying (left hand)
 k - an amulet of the acrobat
 l - an amulet of guardian spirit
 n - an amulet of regeneration (around neck)
 p - a ring of see invisible (right hand)
 z - an amulet of magic regeneration
 A - a ring of protection from cold
 D - a ring of willpower
 J - a ring of wizardry
Wands
 g - a wand of roots (4)
 w - a wand of digging (4)
 G - a wand of paralysis (7)
 I - a wand of flame (12)
 K - a wand of quicksilver (6)
Scrolls
 r - 3 scrolls of teleportation
 F - a scroll of silence
Potions
 b - 5 potions of curing
 j - 2 potions of flight
 o - a potion of haste
 q - 3 potions of invisibility
 u - a potion of attraction
 x - a potion of mutation
 B - a potion of brilliance {unknown}
 C - a potion of ambrosia {unknown}
 H - a potion of resistance {unknown}


   Skills:
 - Level 4.0 Fighting
 * Level 10.5 Maces & Flails
 - Level 1.7 Throwing
 - Level 4.0 Armour
 - Level 2.6 Dodging
 + Level 1.0 Stealth
 - Level 4.0 Unarmed Combat
 - Level 1.0 Evocations


You had 8 spell levels left.
You didn't know any spells.
Your spell library contained the following spells:

 Spells                   Type           Power      Damage    Failure   Level
 Magic Dart               Conj           0%         1d3       100%        1
 Necrotise                Necr           0%         1d4       100%        1
 Searing Ray              Conj           0%         2d4       100%        2
 Sublimation of Blood     Necr           0%         N/A       100%        2
 Wereblood                Tmut           0%         N/A       100%        2
 Vampiric Draining        Necr           0%         2d6       100%        3
 Fulminant Prism          Conj/Hex       0%         3d5       100%        4
 Agony                    Necr           0%         N/A       100%        5
 Summon Hydra             Summ           0%         N/A       100%        7


Dungeon Overview and Level Annotations

Branches:
Dungeon (7/15)             Temple (1/1) D:5          Bailey (visited)

Altars:
Ashenzari
Cheibriados
Fedhas
Hepliaklqana
Kikubaaqudgha
Makhleb
Nemelex Xobeh
Okawaru
Qazlal
Ru
Sif Muna
Vehumet
Wu Jian
Xom
Yredelemnul

Shops:
D:5 (   D:6 *


Innate Abilities, Weirdness & Mutations

Your demonic aura sometimes causes spilled blood to erupt in flames.
You regenerate a little health from kills.
When seriously injured, your blood forms thick armour. (AC +9)
Your touch may inflict irresistible damage on your foes.
Your muscles are strong. (Str +4, Int/Dex -1)


Message History

The rust devil hits you. The rust devil corrodes you!
You hit the rust devil but do no damage.
The rust devil is poisoned.
The orc warrior hits you with a +0 long sword!
The rust devil barely misses you. The rust devil hits you.
The rust devil corrodes you!
You sock the rust devil! Your touch misses the rust devil.
The rust devil is moderately wounded.
The orc warrior hits you with a +0 long sword.
Your blood congeals into armour.
The rust devil hits you. The rust devil corrodes you! The rust devil hits you.
The rust devil corrodes you!
You hit the rust devil.
The rust devil looks as sick as possible!
The rust devil is moderately wounded.
The orc warrior hits you but does no damage.
The rust devil hits you. The rust devil corrodes you! The rust devil hits you.
The rust devil corrodes you!
You hit the rust devil but do no damage.
You touch the rust devil!
The rust devil is severely wounded.
The orc warrior hits you with a +0 long sword.
The rust devil hits you. The rust devil corrodes you! The rust devil hits you!
* * * LOW HITPOINT WARNING * * *
The rust devil corrodes you!
A red film seems to cover your vision as you go berserk!
You feel yourself moving faster!
You feel mighty! The orc warrior barely misses you. The rust devil hits you!
* * * LOW HITPOINT WARNING * * *
The rust devil corrodes you! The rust devil hits you!
* * * LOW HITPOINT WARNING * * *
The rust devil corrodes you!
You completely miss the rust devil.
The rust devil is severely wounded.
You hit the rust devil but do no damage.
The rust devil looks as sick as possible!
You touch the rust devil!
You kill the rust devil!
The orc warrior hits you with a +0 long sword!!
You die...

....##.......#
.##...#......#
.####.#......###########
.# #.#................##
## #.#.#+#######..###..#
#####.#.#.####.....####.#
#...#.....##...###...##.#
#...'.#.###..###>###..#.#
#...#.#.###.##♣.@.♣##.#.#
......#.##..#).4)o.)#...#
.##...#.##.###.....###..#
.##...#.##.# +..8..+ #..#
.#.......#.###.....###..#
##.#..####..#).....)#...#
##.##)# ##.##♣...♣##...#
##....#
#..###∩###..#.#####
######
##...###....#.....#


You could see a rust devil and an orc warrior.

Vanquished Creatures
  An orc knight (Bailey)
  A rust devil (D:6)
  Grinder (D:5)
  A steam dragon (D:7)
  Duvessa (D:4)
  A water moccasin (D:5)
  A black bear (D:7)
  5 orc warriors
  3 ogres (D:5)
  2 phantoms
  3 bullfrogs
  Dowan (D:4)
  The ghost of Brisketman the Vexing, a weakling DEEn (D:3)
  5 hounds
  2 gnoll boudas
  5 orc priests
  Jessica (D:2)
  2 iguanas
  2 sleepcaps
  Ijyb (D:4)
  2 orc wizards
  9 gnolls
  9 adders
  A white imp (D:6)
  2 ufetubi
  A worm (D:2)
  3 dart slugs
  35 orcs
  6 bats
  7 endoplasms
  5 giant cockroaches
  15 goblins
  9 hobgoblins
  5 jackals
  5 quokkas
  8 ball pythons
  5 frilled lizards
  10 kobolds
  3 rats
180 creatures vanquished.

Notes
Turn   | Place    | Note
-------+----------+-------------------------------------------
     0 | D:1      | IdlyInterested the Demonspawn Gladiator began the quest for
                  | the Orb.
     0 | D:1      | Reached XP level 1. HP: 16/16 MP: 1/1
   131 | D:1      | Reached skill level 3 in Maces & Flails
   149 | D:1      | Gained mutation: When seriously injured, your blood forms
                  | armour. (AC +9) [demonic ancestry]
   149 | D:1      | Reached XP level 2. HP: 19/22 MP: 2/2
   151 | D:1      | Reached skill level 1 in Armour
   461 | D:1      | Reached XP level 3. HP: 18/27 MP: 3/3
   934 | D:1      | Upgraded the game from 0.30-a0-924-g0ad0bf95bc to
                  | 0.30-a0-937-ga0a21ad780
  1031 | D:2      | Found a faded altar of an unknown god.
  1379 | D:2      | Gained mutation: You regenerate a little health from kills.
                  | [demonic ancestry]
  1379 | D:2      | Reached XP level 4. HP: 33/33 MP: 4/4
  2017 | D:2      | Noticed Jessica
  2021 | D:2      | Killed Jessica
  2022 | D:2      | Reached skill level 4 in Maces & Flails
  2022 | D:2      | Reached skill level 1 in Stealth
  2353 | D:3      | Found a runed translucent door.
  2353 | D:3      | Noticed a bullfrog
  2355 | D:3      | Noticed Brisketman's ghost (weakling DEEn)
  2494 | D:3      | Reached skill level 1 in Evocations
  2494 | D:3      | Gained mutation: Your touch may inflict minor irresistible
                  | damage on your foes. [demonic ancestry]
  2494 | D:3      | Reached XP level 5. HP: 18/38 MP: 5/5
  2925 | D:3      | Reached skill level 1 in Unarmed Combat
  2928 | D:3      | Killed Brisketman's ghost
  3015 | D:4      | Reached skill level 5 in Maces & Flails
  3029 | D:4      | Noticed a phantom
  3042 | D:4      | Killed a phantom
  3043 | D:4      | Gained mutation: Your touch may inflict irresistible damage
                  | on your foes. [demonic ancestry]
  3043 | D:4      | Reached XP level 6. HP: 38/44 MP: 6/6
  3178 | D:4      | Identified a scroll of acquirement
  3178 | D:4      | Acquired 811 gold pieces
  3202 | D:4      | Noticed Duvessa
  3204 | D:4      | Noticed Dowan
  3213 | D:4      | Killed Dowan
  3214 | D:4      | Killed Duvessa
  3215 | D:4      | Reached skill level 6 in Maces & Flails
  3395 | D:4      | Reached XP level 7. HP: 49/50 MP: 7/7
  3461 | D:4      | Noticed Ijyb
  3469 | D:4      | Killed Ijyb
  3509 | D:4      | Reached skill level 7 in Maces & Flails
  3528 | D:4      | Identified the +1 ring mail of Midwinter {Int+2}
  3770 | D:5      | Entered Level 5 of the Dungeon
  3989 | D:5      | Found Zehuphop's Weapon Emporium.
  4018 | D:5      | Noticed Grinder
  4026 | D:5      | Killed Grinder
  4027 | D:5      | Reached skill level 8 in Maces & Flails
  4027 | D:5      | Gained mutation: When seriously injured, your blood forms
                  | thick armour. (AC +9) [demonic ancestry]
  4027 | D:5      | Reached XP level 8. HP: 43/56 MP: 8/8
  4182 | D:5      | Reached skill level 9 in Maces & Flails
  4378 | D:5      | Found a staircase to the Ecumenical Temple.
  4387 | Temple   | Entered the Ecumenical Temple
  4925 | D:5      | Gained mutation: Your muscles are strong. (Str +4, Int/Dex
                  | -1) [potion of mutation]
  5091 | D:6      | Found a shimmering altar of Xom.
  5344 | D:6      | Found Alor's Gadget Gallery.
  5700 | D:7      | Gained mutation: Your demonic aura sometimes causes spilled
                  | blood to erupt in flames. [demonic ancestry]
  5700 | D:7      | Reached XP level 9. HP: 64/65 MP: 9/9
  5821 | D:7      | Found a flagged portal.
  5843 | Bailey   | Entered a bailey
  5964 | Bailey   | Reached skill level 10 in Maces & Flails
  6047 | Bailey   | Noticed an orc knight
  6052 | Bailey   | Killed an orc knight
  6148 | Bailey   | Identified the staff of cold "Vasilus" {+Blink rC+ rN+
                  | Dex+2}
  6276 | D:6      | Noticed a rust devil
  6276 | D:6      | Noticed a rust devil
  6288 | D:6      | Killed a rust devil
  6288 | D:6      | Mangled by an orc warrior

Illustrated notes

Levels and vault maps discovered:
D:1:      lightli_arrival_statue_moat, layout_basic, st_stairs_13,
          hangedman_decor_growths, minmay_cut_off
D:2:      layout_basic, hellmonk_ecumenical_altar_dog_temple,
          minmay_heptomino_h4, uniq_jessica
D:3:      layout_basic, ebering_ghost_sewer_d
D:4:      layout_loops_cross, uniq_duvessa, uniq_ijyb
D:5:      layout_loops_ring, lemuel_doored_altar, lemuel_temple_firewalk_a,
          serial_shops, shop, uniq_grinder
D:6:      cheibrodos_iron_armory, layout_basic, overflow_temple_1_default,
          minmay_tree_intersection, hangedman_decor_diamond_cutter,
          nicolae_shop_gadgets
D:7:      minmay_the_grid_triangle_9x9_rhombus_thin
          [minmay_the_grid_triangle_9x9_intruding_spiral,
          minmay_the_grid_triangle_9x9_prize_center,
          minmay_the_grid_triangle_9x9_zippers_horizontal,
          minmay_the_grid_triangle_9x9_pentomino_pain], layout_rooms,
          nicolae_gozag_seed_capital, amethyst_overflow_temple_binary,
          enter_bailey_4, nrook_uturn, uniq_prince_ribbit1
Temple:   nicolae_temple_superstar

Skill      XL: |  1  2  3  4  5  6  7  8  9 |
---------------+----------------------------+-----
Maces & Flails | 3 4 5 6 8 9 10 | 10.5
Armour         | 1 2 4 |  4.0
Stealth        | 1 |  1.0
Evocations     | 1 |  1.0
Unarmed Combat | 2 3 4 |  4.0
Fighting       | 4 |  4.0
Throwing       | |  1.7
Dodging        | |  2.6

Action                     |  1- 3 |  4- 6 |  7- 9 || total
---------------------------+-------+-------+-------++-------
  Melee: Flail             |   140 |   100 |   124 ||   364
         Touch             |       |    17 |    47 ||    64
         Punch             |       |     1 |    10 ||    11
         Morningstar       |       |       |    88 ||    88
  Throw: Stone             |     7 |       |       ||     7
    Use: Scroll            |     3 |     3 |     4 ||    10
         Potion            |     1 |     1 |     6 ||     8
   Stab: Invisible         |       |       |     1 ||     1
 Armour: Leather armour    |    28 |       |       ||    28
         Plate armour      |    47 |    53 |   139 ||   239
         Crystal plate arm |       |       |     8 ||     8
  Dodge: Dodged            |    91 |    23 |    77 ||   191

Table legend: (Time is in decaauts)
 A = Elapsed time spent in this place.
 B = Non-inter-level travel time spent in this place.
 C = Inter-level travel time spent in this place.
 D = Time resting spent in this place.
 E = Time spent auto-exploring this place.
 F = Levels seen in this place.
 G = Mean time per level.
                   A        B        C        D        E       F      G
               +--------+--------+--------+--------+--------+-----+--------+
         Total |   6349 |   5196 |   1153 |     60 |   3296 |   9 |  705.4 |
       Dungeon |   5849 |   4731 |   1118 |     60 |   3109 |   7 |  835.6 |
        Temple |    149 |    114 |     35 |      0 |    100 |   1 |  149.0 |
        Bailey |    350 |    350 |      0 |      0 |     86 |   1 |  350.0 |
               +--------+--------+--------+--------+--------+-----+--------+

Top non-repeatable levels by time:
     D:2: 1179 daAuts
     D:1: 1065 daAuts
     D:3: 920 daAuts
     D:4: 886 daAuts
     D:5: 836 daAuts
     D:6: 571 daAuts
     D:7: 389 daAuts
  Bailey: 350 daAuts
  Temple: 149 daAuts
